 Dungeon Crawl Stone Soup version 0.28-a0-1565-g95a8017c83 (webtiles) character file.

Game seed: 7272915440272420508

630 Crownlay the Digger (level 7, -1/36 HPs)
             Began as a Gargoyle Earth Elementalist on Jan 19, 2022.
             Slain by an unseen horror (4 damage)
             ... on level 5 of the Dungeon.
             The game lasted 00:11:58 (5366 turns).

Crownlay the Digger (Gargoyle Earth Elementalist)   Turns: 5366, Time: 00:11:58

Health: -1/36      AC: 10    Str: 12    XL:     7   Next: 48%
Magic:  1/12       EV: 11    Int: 17    God:
Gold:   129        SH:  0    Dex: 10    Spells: 7/13 levels left

rFire   + . .      SeeInvis .   r - +2 quarterstaff (spect)
rCold   + . .      Faith    .   (shield currently unavailable)
rNeg    + + .      Spirit   .   x - +2 robe {rN+}
rPois   ∞          Reflect  .   l - +0 helmet
rElec   +          Harm     .   (no cloak)
rCorr   +          Rampage  .   f - +0 pair of gloves
Will    .....                   (no boots)
Stlth   ++........              (no amulet)
HPRegen 0.12/turn               (no ring)
MPRegen 0.13/turn               (no ring)

@: resistant
A: sickness immunity, AC +4, negative energy resistance 1, electricity
resistance, torment resistance 1, petrification resistance
a: no special abilities


You were on level 5 of the Dungeon.
You visited 2 branches of the dungeon, and saw 6 of its levels.

You collected 129 gold pieces.

Inventory:

Hand Weapons
 r - a +2 spectral quarterstaff (weapon)
Missiles
 c - 39 stones
Armour
 f - a +0 pair of gloves (worn)
 i - a +0 buckler
 l - a +0 helmet (worn)
 x - a +2 robe of positive energy (worn)
Jewellery
 u - a +4 ring of evasion
Wands
 a - a wand of iceblast (9)
 t - a wand of flame (29)
Scrolls
 b - 2 scrolls of fear {unknown}
 e - a scroll of torment
 g - a scroll of vulnerability {unknown}
 h - a scroll of acquirement
 j - 3 scrolls of identify
 p - a scroll of immolation {unknown}
 q - a scroll of teleportation {unknown}
 s - 3 scrolls of blinking {unknown}
 w - a scroll of noise {unknown}
 y - a scroll of amnesia {unknown}
Potions
 k - a potion of might {unknown}
 m - a potion of lignification {unknown}
 n - a potion of resistance
 o - a potion of berserk rage {unknown}
 v - a potion of heal wounds {unknown}


   Skills:
 - Level 1.5 Dodging
 - Level 2.1 Stealth
 - Level 4.0 Shields
 + Level 3.9 Spellcasting
 - Level 0.7 Transmutations
 * Level 7.7 Earth Magic


You had 7 spell levels left.
You knew the following spells:

 Your Spells              Type           Power      Damage    Failure   Level
a - Sandblast             Erth           58%        2d13      1%          1
b - Passwall              Tmut/Erth      14%        N/A       4%          2
c - Stone Arrow           Conj/Erth      32%        3d9       10%         3

Your spell library contained the following spells:

 Spells                   Type           Power      Damage    Failure   Level
 Lee's Rapid Deconstruct  Erth           14%        3d10*     19%         5
 Petrify                  Tmut/Erth      17%        N/A       28%         4
 Leda's Liquefaction      Hex/Erth       8%         N/A       32%         4
 Gell's Gravitas          Tloc           3%         N/A       43%         3
 Lesser Beckoning         Tloc           3%         N/A       43%         3
 Teleport Other           Tloc           3%         N/A       43%         3
 Statue Form              Tmut/Erth      Unusable   N/A       N/A         6

Dungeon Overview and Level Annotations

Branches:
Dungeon (5/15)             Temple (1/1) D:4

Altars:
Ashenzari
Cheibriados
Dithmenos
Fedhas
Gozag
Hepliaklqana
Kikubaaqudgha
Makhleb
Okawaru
Qazlal
Ru
Sif Muna
Trog
Uskayaw
Wu Jian
Xom
Yredelemnul
Zin
The Shining One

Shops:
D:5 (


Innate Abilities, Weirdness & Mutations

You are immune to sickness and miasma.
Your stone body is resilient. (AC +4)
You are immune to poison.
You resist negative energy. (rN+)
You are resistant to electric shocks. (rElec)
You are resistant to unholy torment.
You are immune to petrification.


Message History

Press: ? - help, Shift-Dir - straight line The blast of sand hits something!
Something hits you but does no damage.
Casting: Sandblast (safe; 1% risk of failure)
Confirm with . or Enter, or press ? or * to list all spells.
Aiming: Sandblast (safe; 1% risk of failure)
Press: ? - help, Shift-Dir - straight line The blast of sand hits something but does no damage.
Something hits you but does no damage.
Casting: Sandblast (safe; 1% risk of failure)
Confirm with . or Enter, or press ? or * to list all spells.
Aiming: Sandblast (safe; 1% risk of failure)
Press: ? - help, Shift-Dir - straight line The blast of sand hits something.
Something hits you but does no damage.
Casting: Sandblast (safe; 1% risk of failure)
Confirm with . or Enter, or press ? or * to list all spells.
Aiming: Passwall (safe; 4% risk of failure)
Press: ? - help, Dir - move target
There is no adjacent passable wall in that direction.
Okay, then.
Casting: Passwall (safe; 4% risk of failure)
Confirm with . or Enter, or press ? or * to list all spells.
Aiming: Passwall (safe; 4% risk of failure)
Press: ? - help, Dir - move target A rock wall.
This rock feels extremely deep.
Something hits you.
* * * LOW HITPOINT WARNING * * *
Casting: Passwall (safe; 4% risk of failure)
Confirm with . or Enter, or press ? or * to list all spells.
You can't see any susceptible monsters within range! (Use Z to cast anyway.)
Casting: Passwall (safe; 4% risk of failure)
Confirm with . or Enter, or press ? or * to list all spells.
Aiming: Sandblast (safe; 1% risk of failure)
Press: ? - help, Shift-Dir - straight line Something hits you but does no damage.
Casting: Sandblast (safe; 1% risk of failure)
Confirm with . or Enter, or press ? or * to list all spells.
Aiming: Sandblast (safe; 1% risk of failure)
Press: ? - help, Shift-Dir - straight line Something hits you.
You die...

### ..# #.#
#.# #.# #@#
#.# #.#
#.####.###
#.....$..##
######....####
#.......###
##...##...#
##.#####.#


There were no monsters in sight!

Vanquished Creatures
  Sigmund (D:2)
  A black bear (D:4)
  An ice beast (D:4)
  A scorpion (D:5)
  A water moccasin skeleton (D:5)
  A bullfrog skeleton (D:4)
  An iguana (D:4)
  A howler monkey skeleton (D:4)
  4 adders
  A white imp (D:5)
  2 adder skeletons (D:4)
  3 worms
  2 dart slugs
  5 endoplasms
  2 giant cockroaches
  2 goblins (D:1)
  6 hobgoblins
  2 quokkas
  5 ball pythons
  4 bats
  5 frilled lizards
  3 kobolds
  3 rats
57 creatures vanquished.

Notes
Turn   | Place    | Note
-------+----------+-------------------------------------------
     0 | D:1      | Crownlay the Gargoyle Earth Elementalist began the quest
                  | for the Orb.
     0 | D:1      | Reached XP level 1. HP: 10/10 MP: 3/3
   217 | D:1      | Reached skill level 4 in Earth Magic
   234 | D:1      | Reached XP level 2. HP: 15/15 MP: 5/5
  1009 | D:2      | Reached XP level 3. HP: 12/19 MP: 1/6
  1012 | D:2      | Learned a level 2 spell: Passwall
  1016 | D:2      | Learned a level 3 spell: Stone Arrow
  1218 | D:2      | Noticed Sigmund
  1335 | D:2      | Found a faded altar of an unknown god.
  1670 | D:3      | Reached skill level 1 in Shields
  2459 | D:3      | Reached XP level 4. HP: 24/24 MP: 7/7
  2747 | D:3      | Identified 2 scrolls of acquirement
  3049 | D:3      | Acquired a book of the Earth
  3129 | D:4      | Reached skill level 5 in Earth Magic
  3243 | D:4      | Found a staircase to the Ecumenical Temple.
  3249 | Temple   | Entered the Ecumenical Temple
  3659 | D:4      | Noticed a black bear
  3665 | D:4      | Killed a black bear
  3666 | D:4      | Reached XP level 5. HP: 24/28 MP: 5/9
  3984 | D:4      | Noticed an ice beast
  3994 | D:4      | Killed an ice beast
  3995 | D:4      | Reached skill level 6 in Earth Magic
  3995 | D:4      | Reached XP level 6. HP: 32/32 MP: 7/10
  4795 | D:2      | Killed Sigmund
  4796 | D:2      | Reached skill level 7 in Earth Magic
  4796 | D:2      | Reached XP level 7. HP: 32/36 MP: 6/12
  5134 | D:5      | Entered Level 5 of the Dungeon
  5144 | D:5      | Found Xaraeh Bomno's Weapon Shoppe.
  5358 | D:5      | HP: 1/36 [something (9)]
  5366 | D:5      | Slain by an unseen horror

Illustrated notes

Levels and vault maps discovered:
D:1:      zelgadis_glass_arrival_small, layout_loops_ring
D:2:      layout_basic, hellmonk_ecumenical_altar_pennies_from_heaven,
          uniq_sigmund
D:3:      layout_basic, serial_co_window_serial, co_window_corner_a,
          co_window_corner_a, co_window_corner_a, co_window_paths_a,
          co_window_paths_a, co_window_corner_a, co_window_corner_a,
          co_window_corner_a, co_window_paths_a, co_window_corner_b,
          co_window_cross_2, co_window_corner_b, co_window_2corner,
          co_window_cross_3, co_window_unsneaky_path_c, co_window_paths_c,
          glass_columns_b, glass_columns_b, glass_columns_a, glass_columns_a
D:4:      layout_loops_corners, minmay_temple_entry_waves
D:5:      layout_loops_ring, nicolae_inconvenience_store,
          chequers_serial_rivers_room_a
Temple:   mainiacjoe_temple_bowtie_tessellation

Skill      XL: |  1  2  3  4  5  6 |
---------------+-------------------+-----
Earth Magic    | 4 5 6 7 |  7.7
Shields        | 1 3 4 |  4.0
Spellcasting   | 3 |  3.9
Dodging        | |  1.5
Stealth        | |  2.1
Transmutations | |  0.7

Action                   |  1- 3 |  4- 6 |  7- 9 || total
-------------------------+-------+-------+-------++-------
Melee: Unarmed           |    23 |       |       ||    23
       Whip              |    50 |       |       ||    50
       Quarterstaff      |     5 |    43 |     3 ||    51
 Cast: Sandblast         |    14 |    17 |    17 ||    48
       Passwall          |       |       |     1 ||     1
  Use: Scroll            |       |     3 |       ||     3
       Potion            |       |       |     2 ||     2
 Stab: Sleeping          |     2 |     1 |       ||     3
Armor: Robe              |    32 |    28 |    14 ||    74
Dodge: Dodged            |    47 |    22 |     2 ||    71

Table legend: (Time is in decaauts)
 A = Elapsed time spent in this place.
 B = Non-inter-level travel time spent in this place.
 C = Inter-level travel time spent in this place.
 D = Time resting spent in this place.
 E = Time spent auto-exploring this place.
 F = Levels seen in this place.
 G = Mean time per level.
                   A        B        C        D        E       F      G
               +--------+--------+--------+--------+--------+-----+--------+
         Total |   5393 |   4907 |    486 |    300 |   4064 |   6 |  898.8 |
       Dungeon |   5163 |   4708 |    455 |    300 |   3876 |   5 | 1032.6 |
        Temple |    229 |    198 |     31 |      0 |    188 |   1 |  229.0 |
               +--------+--------+--------+--------+--------+-----+--------+

Top non-repeatable levels by time:
     D:3: 1721 daAuts
     D:4: 1301 daAuts
     D:1: 1011 daAuts
     D:2: 897 daAuts
     D:5: 232 daAuts
  Temple: 229 daAuts
